 Dungeon Crawl Stone Soup version 0.28.0 (console) character file.

Game seed: 3372882386576501761

53 ifreund the Chiller (level 3, -2/26 HPs)
             Began as a Gnoll Ice Elementalist on Feb 9, 2022.
             Slain by a water moccasin skeleton (7 damage)
             ... on level 2 of the Dungeon.
             The game lasted 00:08:48 (2052 turns).

ifreund the Chiller (Gnoll Ice Elementalist)        Turns: 2052, Time: 00:08:50

Health: -2/26      AC:  2    Str:  7    XL:     3   Next: 87%
Magic:  9/9        EV: 13    Int: 16    God:
Gold:   35         SH:  0    Dex: 12    Spells: 11/12 levels left

rFire   . . .      SeeInvis +   j - +0 short sword (venom)
rCold   . . .      Faith    .   (no shield)
rNeg    . . .      Spirit   .   a - +0 robe
rPois   .          Reflect  .   (no helmet)
rElec   .          Harm     .   (no cloak)
rCorr   .          Rampage  .   (no gloves)
Will    .....                   (no boots)
Stlth   ++........              (no amulet)
HPRegen 0.08/turn               i - ring of see invisible
MPRegen 0.11/turn               (no ring)

@: no status effects
A: fangs 1, strong nose, distributed training
a: no special abilities


You were on level 2 of the Dungeon.
You visited 1 branch of the dungeon, and saw 2 of its levels.

You collected 35 gold pieces.

Inventory:

Hand Weapons
 j - a +0 short sword of venom (weapon)
Missiles
 k - 2 poisoned darts
Armour
 a - a +0 robe (worn)
Jewellery
 c - a ring of fire
 i - a ring of see invisible (left hand)
Scrolls
 e - 2 scrolls of holy word {unknown}
 h - a scroll of teleportation {unknown}
 l - a scroll of summoning {unknown}
Potions
 b - a potion of might {unknown}
 d - a potion of lignification {unknown}
 f - a potion of berserk rage {unknown}
 g - a potion of mutation {unknown}


   Skills:
 + Level 1.0 Fighting
 + Level 1.0 Short Blades
 + Level 1.0 Long Blades
 + Level 1.0 Axes
 + Level 1.0 Maces & Flails
 + Level 1.0 Polearms
 + Level 1.0 Staves
 + Level 1.0 Slings
 + Level 1.0 Bows
 + Level 1.0 Crossbows
 + Level 1.0 Throwing
 + Level 1.0 Armour
 + Level 4.6 Dodging
 + Level 4.2 Stealth
 + Level 1.0 Shields
 + Level 1.0 Unarmed Combat
 + Level 5.0 Spellcasting
 + Level 0.7 Conjurations
 + Level 0.7 Hexes
 + Level 0.7 Summonings
 + Level 0.7 Necromancy
 + Level 0.7 Translocations
 + Level 0.7 Transmutations
 + Level 0.7 Fire Magic
 + Level 7.1 Ice Magic
 + Level 0.7 Air Magic
 + Level 0.7 Earth Magic
 + Level 0.7 Poison Magic
 + Level 1.0 Invocations
 + Level 1.0 Evocations


You had 11 spell levels left.
You knew the following spells:

 Your Spells              Type           Power      Damage    Failure   Level
a - Freeze                Ice            100%       1d11      1%          1

Your spell library contained the following spells:

 Spells                   Type           Power      Damage    Failure   Level
 Frozen Ramparts          Ice            52%        1d7       2%          3
 Ozocubu's Armour         Ice            26%        N/A       2%          3
 Blink                    Tloc           12%        N/A       17%         2
 Hailstorm                Conj/Ice       16%        3d6       30%         4
 Lesser Beckoning         Tloc           6%         N/A       34%         3
 Manifold Assault         Tloc           6%         N/A       97%         5


Dungeon Overview and Level Annotations

Branches:
Dungeon (2/15)

Altars:

Shops:
D:1 (

Annotations:
D:2 Sigmund


Innate Abilities, Weirdness & Mutations

You have very sharp teeth.
Your uncanny sense of smell can sniff out nearby items.
Your experience applies equally to all skills.


Message History

The water moccasin skeleton bites you.
There is a stone staircase leading up here.
Press: ? - help, v - describe, . - travel
Here: a water moccasin skeleton (lightly damaged)
The floor.
You closely miss the water moccasin skeleton.
The water moccasin skeleton is lightly damaged.
The water moccasin skeleton bites you.
You hit the water moccasin skeleton.
The water moccasin skeleton is moderately damaged.
The water moccasin skeleton bites you.
You hit the water moccasin skeleton.
The water moccasin skeleton is moderately damaged.
The water moccasin skeleton bites you. The water moccasin skeleton bites you!
You hit the water moccasin skeleton.
You punch the water moccasin skeleton, but do no damage.
The water moccasin skeleton is heavily damaged.
The water moccasin skeleton misses you.
You hit the water moccasin skeleton.
The water moccasin skeleton is heavily damaged.
The water moccasin skeleton bites you.
* * * LOW HITPOINT WARNING * * *
The water moccasin skeleton barely misses you.
You climb upwards.
There is a stone staircase leading down here.
Things that are here:
3 stones; a +0 club
There is a stone staircase leading down here.
You climb downwards.
Level annotation: Sigmund
There is a stone staircase leading up here.
A water moccasin skeleton is nearby!
You hit the water moccasin skeleton.
The water moccasin skeleton is severely damaged.
The water moccasin skeleton bites you.
* * * LOW HITPOINT WARNING * * *
The water moccasin skeleton bites you.
* * * LOW HITPOINT WARNING * * *
The water moccasin skeleton bites you!
You die...

.........#.
#.....[....
#..........
#########.@ # # # ..
########### #######
.## .>......... .....
... #.......... ...
..
.....###########Z#.#
.#.#..........##@..#
......#.......###...#
.#.#..#.........
.......
.....##......#
##....#
.#.#.##......# #####
........<....#
.#.#.#.Z.....#
...[.#.#'#####
######.#.#####
#.#.....####
#(#####....#


You could see a water moccasin skeleton.

Vanquished Creatures
  4 dart slugs
  2 bats (D:1)
  An endoplasm (D:1)
  2 giant cockroaches (D:1)
  8 hobgoblins (D:1)
  3 jackals (D:1)
  9 kobolds (D:1)
  3 ball pythons (D:1)
  2 frilled lizards (D:1)
  2 goblins (D:1)
  6 rats
42 creatures vanquished.

Vanquished Creatures (others)
  11 plants (D:1)
11 creatures vanquished.

Grand Total: 53 creatures vanquished

Notes
Turn   | Place    | Note
-------+----------+-------------------------------------------
     0 | D:1      | ifreund the Gnoll Ice Elementalist began the quest for the
                  | Orb.
     0 | D:1      | Reached XP level 1. HP: 13/13 MP: 6/6
   230 | D:1      | Found a faded altar of an unknown god.
   245 | D:1      | Reached XP level 2. HP: 19/19 MP: 5/7
   306 | D:1      | Found Lurghyesm's Weapon Boutique.
   696 | D:1      | Reached XP level 3. HP: 25/25 MP: 7/9
   794 | D:1      | Reached skill level 5 in Spellcasting
  1093 | D:1      | Reached skill level 1 in Invocations
  1627 | D:2      | Noticed Sigmund
  1683 | D:2      | Reached skill level 1 in Fighting
  1683 | D:2      | Reached skill level 1 in Short Blades
  1683 | D:2      | Reached skill level 1 in Long Blades
  1683 | D:2      | Reached skill level 1 in Axes
  1683 | D:2      | Reached skill level 1 in Maces & Flails
  1683 | D:2      | Reached skill level 1 in Polearms
  1683 | D:2      | Reached skill level 1 in Staves
  1683 | D:2      | Reached skill level 1 in Slings
  1683 | D:2      | Reached skill level 1 in Bows
  1683 | D:2      | Reached skill level 1 in Crossbows
  1683 | D:2      | Reached skill level 1 in Throwing
  1683 | D:2      | Reached skill level 1 in Armour
  1683 | D:2      | Reached skill level 1 in Shields
  1683 | D:2      | Reached skill level 1 in Unarmed Combat
  1683 | D:2      | Reached skill level 1 in Evocations
  2052 | D:2      | Slain by a water moccasin skeleton

Illustrated notes

Levels and vault maps discovered:
D:1:      dpeg_arrival_lava_temple_mockup, layout_basic,
          chequers_ecumenical_altar_simple, serial_shops, shop,
          chequers_serial_rivers_room_a, lexackson_kobold_supper
D:2:      minmay_door_path, layout_basic, serial_glass, glass_columns_a,
          glass_columns_c, uniq_sigmund

Skill      XL: |  1  2  3 |
---------------+----------+-----
Spellcasting   | 5 |  5.0
Invocations    | 1 |  1.0
Fighting       | 1 |  1.0
Short Blades   | 1 |  1.0
Long Blades    | 1 |  1.0
Axes           | 1 |  1.0
Maces & Flails | 1 |  1.0
Polearms       | 1 |  1.0
Staves         | 1 |  1.0
Slings         | 1 |  1.0
Bows           | 1 |  1.0
Crossbows      | 1 |  1.0
Throwing       | 1 |  1.0
Armour         | 1 |  1.0
Shields        | 1 |  1.0
Unarmed Combat | 1 |  1.0
Evocations     | 1 |  1.0
Dodging        | |  4.6
Stealth        | |  4.2
Conjurations   | |  0.7
Hexes          | |  0.7
Summonings     | |  0.7
Necromancy     | |  0.7
Translocations | |  0.7
Transmutations | |  0.7
Fire Magic     | |  0.7
Ice Magic      | |  7.1
Air Magic      | |  0.7
Earth Magic    | |  0.7
Poison Magic   | |  0.7

Action                   || total
-------------------------++-------
Melee: Unarmed           ||     9
       Bite              ||     1
       Short sword       ||     7
       Punch             ||     1
 Cast: Freeze            ||    60
Armor: Robe              ||    10
Dodge: Dodged            ||    34
